 Dungeon Crawl Stone Soup version 0.19-a0-1899-g2d93087 (webtiles) character file.

39 Amnesiac the Ruffian (level 3, -6/36 HPs)
             Began as a Troll Monk on Oct 19, 2016.
             Was a Believer of Okawaru.
             Mangled by an ogre
             ... wielding a +0 giant club
              (16 damage)
             ... on level 4 of the Dungeon.
             The game lasted 00:01:34 (662 turns).

Amnesiac the Ruffian (Troll Monk)                    Turns: 662, Time: 00:01:35

Health: -6/36      AC:  5    Str: 19    XL:     3   Next: 28%
Magic:  2/2        EV: 11    Int:  6    God:    Okawaru [**....]
Gold:   66         SH:  0    Dex: 13    Spells: 0 memorised, 2 levels left

rFire  . . .     SeeInvis .       - Unarmed
rCold  . . .     Gourm    +     a - +0 robe
rNeg   . . .     Faith    .     (no shield)
rPois  .         Spirit   .     (helmet restricted)
rElec  .         Reflect  .     (no cloak)
rCorr  .         Harm     .     (gloves unavailable)
MR     .....                    (boots unavailable)
Stlth  ++........               (no amulet)
                                (no ring)
                                (no ring)

@: no status effects
A: unfitting armour, claws 3, fast metabolism 3, gourmand, regeneration 1,
shaggy fur 1, tough skin 2
a: Heroism, Renounce Religion


You were on level 4 of the Dungeon.
You worshipped Okawaru.
Okawaru was pleased with you.
You were not hungry.

You visited 2 branches of the dungeon, and saw 5 of its levels.

You collected 66 gold pieces.

Inventory:

Armour
 a - a +0 robe (worn)
Jewellery
 c - an uncursed ring of positive energy {unknown}
Scrolls
 d - a scroll of identify {unknown}
 e - 2 scrolls of noise {unknown}
Potions
 g - a potion of berserk rage {unknown}
 i - a potion of brilliance {unknown}
Comestibles
 b - 2 bread rations
 f - a beef jerky
 h - a meat ration


   Skills:
 + Level 2.6 Fighting
 + Level 2.7 Dodging
 - Level 1.2 Stealth
 * Level 3.6 Unarmed Combat


You had 2 spell levels left.
You didn't know any spells.

Dungeon Overview and Level Annotations

Branches:
Dungeon (4/15)             Temple (1/1) D:4

Altars:
Ashenzari
Elyvilon
Gozag
Hepliaklqana
Kikubaaqudgha
Makhleb
Nemelex Xobeh
Okawaru
Qazlal
Ru
Sif Muna
Trog
Uskayaw
Vehumet
Xom
Yredelemnul


Innate Abilities, Weirdness & Mutations

You are too large for most types of armour.
You have claws for hands.
Your metabolism is lightning-fast.
You like to eat raw meat.
Your natural rate of healing is unusually fast.
You are covered in fur. (AC +1)
You have very tough skin. (AC +2)


Message History

You scratch the gnoll.
The gnoll is almost dead.
The gnoll hits you with a spear!
You claw the gnoll!
You kill the gnoll!
Okawaru accepts your kill.
You barely miss the ogre. The ogre barely misses you.
You scratch the ogre.
The ogre is moderately wounded.
The ogre barely misses you.
You scratch the ogre.
The ogre is moderately wounded.
You scratch the ogre.
The ogre is heavily wounded.
The ogre hits you with a giant club!
* * * LOW HITPOINT WARNING * * *
You claw the ogre!
The ogre is severely wounded.
The ogre hits you with a giant club!
You die...

#.# #.# #.# #.#
#.# #.# #.# #O#
#@# #.# #.# #.#
#.#
########+######.#
#...............#
#...............#
#...............#


You could see an ogre.

Vanquished Creatures
  2 adders (D:2)
  A gnoll (D:4)
  An adder skeleton (D:4)
  A worm (D:1)
  An orc (Temple)
  A hobgoblin (D:2)
  A bat (D:2)
8 creatures vanquished.

Notes
Turn   | Place    | Note
-------+----------+-------------------------------------------
     0 | D:1      | Amnesiac the Troll Monk began the quest for the Orb.
     0 | D:1      | Reached XP level 1. HP: 22/22 MP: 0/0
    97 | D:2      | Reached XP level 2. HP: 29/29 MP: 1/1
   380 | D:4      | Found a staircase to the Ecumenical Temple.
   389 | Temple   | Entered the Ecumenical Temple
   407 | Temple   | Reached XP level 3. HP: 33/36 MP: 2/2
   594 | Temple   | Became a worshipper of Warmaster Okawaru
   594 | Temple   | Reached * piety under Okawaru
   594 | Temple   | Reached ** piety under Okawaru
   642 | D:4      | Noticed an ogre
   662 | D:4      | Mangled by an ogre

Vault maps used:
D:1:      dpeg_arrival_brainrot, minivault_23
D:2:      minmay_diamond_boxcup, ecumenical_altar_1,
          minmay_misc_feat_more_columns, eino_curves_02, bh_walls_and_bars
D:3:      first_bread, uniq_terence, uniq_grinder
D:4:      serial_shops, kennysheep_little_box
Temple:   eino_temple_scatter_basement

Action                   || total
-------------------------++-------
Melee: Unarmed           ||    31
  Eat: Chunk             ||     5
Armor: Robe              ||     5
Dodge: Dodged            ||     9
